 Dungeon Crawl Stone Soup version 0.16-a0-3997-g61da7c2 (webtiles) character file.

431 Zuvim the Cudgeler (level 6, -2/36 HPs)
             Began as a Gargoyle Gladiator on Feb 14, 2015.
             Killed by divine providence
             ... invoked by an orc priest
              (8 damage)
             ... on level 4 of the Dungeon.
             The game lasted 00:11:16 (3602 turns).

Zuvim the Cudgeler (Gargoyle Gladiator)             Turns: 3602, Time: 00:11:16

Health: -2/36      AC: 13    Str: 20    XL:     6   Next: 99%
Magic:  6/6        EV:  8    Int:  8    God:
Gold:   172        SH:  0    Dex: 11    Spells: 0 memorised, 5 levels left

rFire  . . .     SeeInvis .     a - +0 flail
rCold  . . .     Clarity  .     s - +0 chain mail
rNeg   + . .     SustAb   .     (no shield)
rPois  ∞         Gourm    .     c - +0 helmet
rElec  +         Spirit   .     (no cloak)
rCorr  .         Warding  .     (no gloves)
rMut   .         Stasis   .     (no boots)
MR     .....                    (no amulet)
Stlth  ..........               (no ring)
                                (no ring)

@: not resistant to hostile enchantments, extremely unstealthy
A: negative energy resistance 1, electricity resistance, unbreathing,
petrification resistance, rot immunity, AC +4
a: no special abilities


You were on level 4 of the Dungeon.
You were not hungry.

You visited 1 branch of the dungeon, and saw 4 of its levels.

You collected 172 gold pieces.

Inventory:

Hand weapons
 a - a +0 flail (weapon)
Missiles
 d - 3 throwing nets (quivered)
 e - 8 poisoned needles
 n - 118 stones
Armour
 c - a +0 helmet (worn)
 s - a +0 chain mail (worn)
Scrolls
 i - 2 scrolls of recharging {unknown}
 j - a scroll of immolation {unknown}
 k - 2 scrolls of blinking {unknown}
 l - 4 scrolls of identify {unknown}
 o - a scroll of amnesia {unknown}
 r - 3 scrolls of remove curse {unknown}
Potions
 h - a potion of haste {unknown}
 m - 2 potions of heal wounds {unknown}
 q - 2 potions of magic {unknown}
 t - a potion of restore abilities {unknown}
 u - 2 potions of ambrosia {unknown}
 v - a potion of flight {unknown}
 w - a potion of curing {unknown}
Comestibles
 b - 5 chunks of flesh
 f - 3 bread rations
 g - 3 fruits
 p - 3 royal jellies


   Skills:
 + Level 2.8 Fighting
 * Level 7.4 Maces & Flails
 - Level 2.0 Throwing
 - Level 2.4 Dodging


You had 5 spell levels left.
You didn't know any spells.

Dungeon Overview and Level Annotations

Branches:
Dungeon (4/15)
 Temple: D:4-7

Altars:
Elyvilon
Qazlal

Annotations:
D:3 kroki's ghost, average MiSu


Innate Abilities, Weirdness & Mutations

You are resistant to torment.
You are immune to poison.
Your stone body is very resilient (AC +4).
You resist negative energy.
You are resistant to electric shocks.
You can survive without breathing.
You are immune to petrification.
You are immune to rotting.


Message History

The orc priest hits you.
The orc priest invokes the aid of Beogh against you.
Something smites you!
You sock the orc priest!
The orc priest is almost dead.
The orc priest barely misses you.
The orc priest invokes the aid of Beogh against you.
Something smites you!
* * * LOW HITPOINT WARNING * * *
You sock the orc priest!
You kill the orc priest!
The orc priest barely misses you.
You sock the orc priest!
The orc priest is heavily wounded.
Your chain mail prevents you from hitting the orc priest.
The orc priest is heavily wounded.
The orc priest hits you but does no damage.
The orc priest mumbles some strange prayers to Beogh against you.
Something smites you!
You die...

... +..............#
##.# #..............#
##.#####'#####...##+##
.....+.....+ +...#o..
##...##...##+#...'..
##...##...#......#o#####
.....##...#......#.##..#
.....#....#...#+##.#...#
.....'....'...'.@oo'...#
###########...##########
#####


You could see 2 orc priests.

Vanquished Creatures
  A scorpion (D:4)
  3 orc priests
  Natasha (thrice) (D:3)
  4 orc wizards (D:3)
  6 adders
  A worm (D:3)
  6 giant geckos
  2 oozes
  13 orcs
  13 bats
  5 giant cockroaches
  4 goblins
  10 hobgoblins
  A giant gecko skeleton (D:4)
  6 giant newts
  9 kobolds
  8 rats
95 creatures vanquished.

Notes
Turn   | Place    | Note
--------------------------------------------------------------
     0 | D:1      | Zuvim, the Gargoyle Gladiator, began the quest for the Orb.
     0 | D:1      | Reached XP level 1. HP: 12/12 MP: 1/1
   161 | D:1      | Reached XP level 2. HP: 17/17 MP: 2/2
   702 | D:1      | Reached skill level 4 in Maces & Flails
   823 | D:2      | Reached XP level 3. HP: 19/21 MP: 3/3
   960 | D:2      | Found a stormy altar of Qazlal.
  1171 | D:2      | Found a white marble altar of Elyvilon.
  1225 | D:2      | Reached XP level 4. HP: 12/26 MP: 4/4
  1794 | D:2      | Reached skill level 5 in Maces & Flails
  2031 | D:3      | Reached XP level 5. HP: 30/30 MP: 5/5
  2090 | D:3      | Reached skill level 6 in Maces & Flails
  2226 | D:3      | Noticed kroki's ghost (average MiSu)
  2329 | D:3      | Noticed Natasha
  2342 | D:3      | Killed Natasha
  2728 | D:3      | Noticed Natasha
  2735 | D:3      | Killed Natasha
  2735 | D:3      | Reached XP level 6. HP: 31/35 MP: 6/6
  3059 | D:3      | Reached skill level 7 in Maces & Flails
  3071 | D:3      | Noticed Natasha
  3080 | D:3      | Killed Natasha
  3602 | D:4      | Killed from afar by an orc priest

Action                   |  1- 3 |  4- 6 || total
-------------------------+-------+-------++-------
Melee: Flail             |   140 |   284 ||   424
  Eat: Chunk             |     1 |     8 ||     9
